 Dungeon Crawl Stone Soup version 0.20-a0-454-g2b43fbb (webtiles) character file.

1190 esteth the Caller (level 8, -3/60 HPs)
             Began as a Barachian Ice Elementalist on Jan 8, 2017.
             Was a Priest of Cheibriados.
             Shot with an arrow by a centaur (11 damage)
             ... on level 6 of the Dungeon.
             The game lasted 00:21:51 (6200 turns).

esteth the Caller (Barachian Ice Elementalist)      Turns: 6200, Time: 00:21:52

Health: -3/60      AC:  3    Str: 13    XL:     8   Next: 43%
Magic:  13/13      EV: 14    Int: 21    God:    Cheibriados [***...]
Gold:   161        SH:  4    Dex: 17    Spells: 6/14 levels left

rFire  . . .     SeeInvis .     E - +0 falchion (elec)
rCold  + . .     Gourm    .     a - +0 robe
rNeg   . . .     Faith    .     (no shield)
rPois  .         Spirit   .     (no helmet)
rElec  .         Reflect  +     k - +0 cloak
rCorr  .         Harm     .     (no gloves)
MR     .....                    (no boots)
Stlth  ++........               s - +4 amulet of reflection
                                (no ring)
                                f - ring of protection from cold

@: very slow
A: swims, slowness 1, strong legs 1
a: Hop, Bend Time, Temporal Distortion, Renounce Religion


You were on level 6 of the Dungeon.
You worshipped Cheibriados.
Cheibriados was most pleased with you.
You were not hungry.

You visited 1 branch of the dungeon, and saw 6 of its levels.

You collected 161 gold pieces.

Inventory:

Hand Weapons
 e - a +0 spear
 h - a +0 short sword
 E - a +0 falchion of electrocution (weapon)
Armour
 a - a +0 robe (worn)
 k - a +0 cloak (worn)
Magical Staves
 n - an uncursed staff of wizardry
Jewellery
 f - a ring of protection from cold (left hand)
 s - a +4 amulet of reflection (around neck)
Scrolls
 i - 4 scrolls of teleportation
 p - 2 scrolls of remove curse
 r - 5 scrolls of identify
 t - a scroll of fear {unknown}
 v - 2 scrolls of enchant weapon {unknown}
 w - a scroll of recharging {unknown}
 y - a scroll of enchant armour {unknown}
 C - a scroll of immolation {unknown}
Potions
 l - a potion of mutation
 m - 2 potions of lignification
 q - 3 potions of curing {unknown}
 u - a potion of cure mutation {unknown}
 x - a potion of flight {unknown}
 z - 2 potions of degeneration {unknown}
 A - a potion of heal wounds {unknown}
 B - 2 potions of resistance {unknown}
 F - a potion of haste {unknown}
 G - a potion of might {unknown}
 I - a potion of berserk rage {unknown}
Books
 b - a book of Frost

   Spells                             Type                      Level
   a - Freeze                         Ice                          1
   b - Throw Frost                    Conjuration/Ice              2
   c - Ozocubu's Armour               Charms/Ice                   3
   d - Throw Icicle                   Conjuration/Ice              4
   e - Summon Ice Beast               Ice/Summoning                4
Comestibles
 c - 6 bread rations {@e1}
 d - 2 beef jerkies
 g - 2 royal jellies
 j - a slice of pizza
 o - 3 fruits
 D - a meat ration {@e2}
 H - 4 chunks of flesh {@w0}


   Skills:
 - Level 3.9 Fighting
 + Level 1.3 Long Blades
 + Level 4.3 Dodging
 - Level 2.0 Stealth
 - Level 3.7 Spellcasting
   Level 1.0 Conjurations
 - Level 1.3 Charms
 - Level 6.0 Summonings
 - Level 5.3 Ice Magic


You had 6 spell levels left.
You knew the following spells:

 Your Spells              Type           Power        Failure   Level  Hunger
a - Freeze                Ice            ####         1%          1    None
b - Ozocubu's Armour      Chrm/Ice       ###.....     12%         3    ###....
c - Summon Ice Beast      Ice/Summ       ####....     14%         4    ####...


Dungeon Overview and Level Annotations

Branches:
Dungeon (6/15)             Temple (0/1) D:5

Altars:
Ashenzari
Cheibriados
Hepliaklqana
Yredelemnul
The Shining One

Shops:
D:5 [


Innate Abilities, Weirdness & Mutations

You can swim through water.
You cover ground slowly.
You can hop short distances.


Message History

The centaur shoots an arrow.
The arrow hits you.
A centaur comes into view.
You see here 2 arrows.
The centaur moves out of view.
The centaur shoots an arrow.
You reflect the arrow off an invisible shield around you!
The arrow hits the centaur!
The centaur shoots an arrow.
The arrow closely misses you.
You see here an arrow.
The centaur shouts!
The centaur wields a shortbow.
The centaur shoots an arrow.
The arrow hits you!
The centaur shoots an arrow.
The arrow hits you!
The centaur shoots an arrow.
The arrow hits you!
The centaur shoots an arrow.
You reflect the arrow off an invisible shield around you!
The arrow hits the centaur.
The centaur shoots an arrow.
The arrow hits you!
* * * LOW HITPOINT WARNING * * *
A sky beast comes into view.
You see here 4 arrows.
Okay, then.
The centaur shoots an arrow.
The arrow hits you!
You die...

##.. ......
.... #...###
#.. #.....
#..##...####
#..........#
#..........#
##.>.......#
#.##....### #
#...@###
#<...((#
##.#.#(#
...#≈≈≈≈≈≈≈≈≈≈
#####≈≈≈≈≈≈≈≈≈≈
#≈≈≈≈≈≈≈≈≈≈
#≈≈≈≈c≈≈≈≈≈
#≈≈≈≈≈≈≈≈≈≈
.≈≈≈≈cc..Y≈


You could see a centaur.

Vanquished Creatures
  3 ogres
  2 centaurs (D:5)
  A howler monkey (D:4)
  2 hounds (D:4)
  Jessica (D:2)
  Natasha (thrice) (D:2)
  An orc wizard (D:5)
  5 worker ants
  8 adders
  An ooze (D:5)
  An adder zombie (D:5)
  An adder skeleton (D:5)
  5 worms
  4 dart slugs
  8 leopard geckos
  6 orcs
  4 ball pythons
  10 bats
  5 giant cockroaches
  7 goblins
  5 hobgoblins
  4 jackals (D:3)
  5 kobolds
  3 quokkas
  5 frilled lizards
  A goblin zombie (D:5)
  A leopard gecko skeleton (D:4)
  An orc zombie (D:5)
  A quokka zombie (D:5)
  6 rats
110 creatures vanquished.

Vanquished Creatures (collateral kills)
  The ghost of Yermak the Cutter, an amateur BaAs of Gozag (D:4)
  Eustachio (D:5)
  An ogre (D:5)
  The ghost of barakagiga the Vandal, an amateur HaHu (D:3)
  A howler monkey (D:4)
  A bullfrog skeleton (D:4)
  An orc wizard (D:5)
  A mummy (D:5)
  An adder (D:4)
  2 orcs (D:5)
11 creatures vanquished.

Grand Total: 121 creatures vanquished

Notes
Turn   | Place    | Note
-------+----------+-------------------------------------------
     0 | D:1      | esteth the Barachian Ice Elementalist began the quest for the Orb.
     0 | D:1      | Reached XP level 1. HP: 13/13 MP: 3/3
   183 | D:1      | Reached XP level 2. HP: 19/19 MP: 3/5
   689 | D:1      | Reached XP level 3. HP: 17/24 MP: 0/6
  1135 | D:1      | Learned a level 3 spell: Ozocubu's Armour
  1433 | D:2      | Reached skill level 1 in Charms
  1434 | D:2      | Found a hazy altar of Hepliaklqana.
  1768 | D:2      | Reached XP level 4. HP: 30/30 MP: 3/7
  1932 | D:2      | Reached skill level 5 in Ice Magic
  2208 | D:2      | Noticed Jessica
  2274 | D:2      | Found a snail-covered altar of Cheibriados.
  2302 | D:2      | Killed Jessica
  2302 | D:2      | Reached XP level 5. HP: 18/35 MP: 0/9
  2457 | D:2      | Became a worshipper of Cheibriados the Contemplative
  2463 | D:2      | Learned a level 4 spell: Summon Ice Beast
  2464 | D:2      | Noticed Natasha
  2467 | D:2      | Killed Natasha
  2470 | D:2      | Noticed Natasha
  2483 | D:2      | Killed Natasha
  2483 | D:2      | Reached skill level 1 in Summonings
  2735 | D:2      | Noticed Natasha
  2741 | D:2      | Killed Natasha
  2980 | D:3      | Noticed barakagiga's ghost (amateur HaHu)
  2996 | D:3      | Found a glowing golden altar of the Shining One.
  3309 | D:3      | Reached * piety under Cheibriados
  3332 | D:3      | Reached XP level 6. HP: 38/41 MP: 8/11
  3477 | D:3      | Reached skill level 2 in Summonings
  3551 | D:3      | Killed barakagiga's ghost
  4065 | D:4      | Reached skill level 3 in Summonings
  4258 | D:4      | Reached skill level 4 in Summonings
  4280 | D:4      | Reached XP level 7. HP: 46/46 MP: 4/12
  4283 | D:4      | Noticed Yermak's ghost (amateur BaAs)
  4295 | D:4      | Killed Yermak's ghost
  4295 | D:4      | Reached skill level 5 in Summonings
  4896 | D:4      | Reached ** piety under Cheibriados
  4896 | D:4      | Reached skill level 6 in Summonings
  5058 | D:5      | Entered Level 5 of the Dungeon
  5077 | D:5      | Found Wasokhus's Armour Shop.
  5118 | D:5      | Found a shattered altar of Ashenzari.
  5190 | D:5      | Found a staircase to the Ecumenical Temple.
  5198 | D:5      | Reached skill level 1 in Fighting
  5347 | D:5      | Noticed Eustachio
  5382 | D:5      | Killed Eustachio
  5382 | D:5      | Reached XP level 8. HP: 49/57 MP: 5/13
  5436 | D:5      | Found a basalt altar of Yredelemnul.
  5969 | D:5      | Reached *** piety under Cheibriados
  6103 | D:5      | Reached skill level 1 in Long Blades
  6200 | D:6      | Shot with an arrow by a centaur

Vault maps used:
D:1:      mrwooster_arrival_statue_3, minmay_domino_2
D:2:      nicolae_overflow_crystal_walls, kennysheep_slug_shrine, uniq_jessica,
          uniq_natasha
D:3:      tso_metal_star
D:5:      old_standard_altar, marbit_many_paths, first_bread,
          nicolae_ossuary_entry_giza, serial_shops,
          nicolae_shop_competitors_out_of_business, uniq_eustachio
D:6:      nicolae_whirlpool, kennysheep_mini, st_stairs_3,
          grunt_dithmenos_smoke_and_mirrors

Skill      XL: |  1  2  3  4  5  6  7  8 |
---------------+-------------------------+-----
Ice Magic      | 4 5 |  5.3
Charms         | 1 |  1.3
Spellcasting   | 3 |  3.7
Summonings     | 1 4 6 |  6.0
Fighting       | 2 3 |  3.9
Dodging        | 3 4 |  4.3
Long Blades    | 1 |  1.3
Stealth        | |  2.0
Conjurations   | |  1.0

Action                   |  1- 3 |  4- 6 |  7- 9 || total
-------------------------+-------+-------+-------++-------
Melee: Unarmed           |     7 |       |       ||     7
       Staff             |    16 |    33 |    31 ||    80
       Short sword       |     3 |       |       ||     3
       Falchion          |       |       |     4 ||     4
 Cast: Freeze            |    57 |    79 |    87 ||   223
       Ozocubu's Armour  |     1 |     2 |     1 ||     4
       Summon Ice Beast  |       |     4 |     8 ||    12
 Abil: Hop               |       |       |     1 ||     1
  Use: Scroll            |     2 |     3 |     3 ||     8
  Eat: Chunk             |     5 |     8 |     5 ||    18
Armor: Robe              |    22 |    27 |    21 ||    70
Dodge: Dodged            |    63 |    69 |    72 ||   204
Block: Other             |       |     2 |    25 ||    27
       Reflection        |       |       |     2 ||     2
       Rpst.: Falchion   |       |       |     2 ||     2
